 Dungeon Sprint DCSS version 0.30-a0-137-gd8773701ce (webtiles) character file.

Game seed: 2123751979422485003

25 Pilot the Shield-Bearer (level 2, -9/31 HPs)
             Began as a Troll Fighter on Sept 22, 2022.
             Mangled by a water elemental (15 damage)
             ... in the Dungeon (Sprint III: "The Ten Rune Challenge").
             The game lasted 00:01:28 (180 turns).

Pilot the Shield-Bearer (Troll Fighter)              Turns: 180, Time: 00:01:28

Health: -9/31      AC:  4    Str: 23    XL:     2   Next: 86%
Magic:  1/1        EV:  9    Int:  4    God:
Gold:   14         SH:  7    Dex:  9    Spells: 1/1 levels left

rFire   . . .      SeeInvis .      - Unarmed
rCold   . . .      Faith    .    b - +0 kite shield
rNeg    . . .      Spirit   .    a - +0 robe
rPois   .          Reflect  .    (helmet restricted)
rElec   .          Harm     .    (no cloak)
rCorr   .          Rampage  .    (gloves unavailable)
Will    .....      NoTele   +    (boots unavailable)
Stlth   +.........               (no amulet)
HPRegen 0.90/turn                (no ring)
MPRegen 0.07/turn                (no ring)

@: no status effects
A: large, unfitting armour, claws 3, regeneration 1, shaggy fur 1, tough skin 1
a: no special abilities


You were in the Dungeon.
You visited 1 branch You collected 14 gold pieces.

Inventory:

Hand Weapons
 j - a +0 sling
Armour
 a - a +0 robe (worn)
 b - a +0 kite shield (worn)
Scrolls
 i - a scroll of blinking
 l - a scroll of immolation {unknown}
 m - a scroll of identify {unknown}
 o - a scroll of poison {unknown}
 p - a scroll of vulnerability {unknown}
Potions
 c - a potion of might
 d - 2 potions of curing
 e - a potion of heal wounds
 f - a potion of haste
 g - 3 potions of magic
 h - a potion of berserk rage
 k - 3 potions of mutation {unknown}
 n - 3 potions of flight


   Skills:
 + Level 3.4 Fighting
 + Level 3.5 Dodging
 + Level 3.9 Shields
 + Level 2.9 Unarmed Combat


You had one spell level left.
You didn't know any spells.
Your spell library was empty.

Dungeon Overview and Level Annotations

Branches:
Dungeon (1/1)

Altars:


Innate Abilities, Weirdness & Mutations

You are too large for most types of armour.
You have claws for hands.
Your natural rate of healing is unusually fast.
You are covered in fur. (AC +1)
You have tough skin. (AC +1)


Message History

The phantom is almost destroyed.
The phantom hits you but does no damage.
You scratch the phantom.
You destroy the phantom!
You open the door.
Found 14 gold pieces and 3 orange potions.
There is an open door here.
You now have 5 gold pieces.
k - 2 orange potions;
l - a scroll labelled VIDINA CIELO
m - a scroll labelled KUNICA VETUSSO;
g - 3 potions of magic (gained 1)
n - a potion of flight
k - 3 orange potions (gained 1);
o - a scroll labelled XOTATYDD ZAODD
p - a scroll labelled ETEJANOGUISM;
d - 2 potions of curing (gained 1)
n - 3 potions of flight (gained 2)
You now have 14 gold pieces (gained 9).
There is an open door here.
You see here a human corpse.
You see here a rat corpse.
You see here a rat corpse.
You see here a human corpse.
You open the door.
A water elemental comes into view.
The water elemental barely misses you.
There is an open door to the Ecumenical Temple here.
You scratch the water elemental but do no damage.
You block the water elemental's attack.
You scratch the water elemental but do no damage.
The water elemental hits you!
You scratch the water elemental but do no damage.
The water elemental hits you. The water elemental hits you!
* * * LOW HITPOINT WARNING * * *
You closely miss the water elemental. The water elemental closely misses you.
You scratch the water elemental.
The water elemental is lightly damaged.
You block the water elemental's attack.
You completely miss the water elemental.
The water elemental is lightly damaged.
The water elemental hits you!
You die...

▓▓▓▓▓▓ ▓▓▓ .#...####
##.# .#......#####..#
##.......#..#..#
.##.##...#..#..###+#+###
.##.###..##'#..#@.......
####.##..###...'E⌠......
##..##.†####...#...#####
....##..###....#.⌠.#
#..##...##.....#...#
..##....#†.....#+###
.###..##.#.....# .#
#..#####....# ▓▓ ▓▓▓▓
▓▓▓▓▓▓


You could see a water elemental.

Vanquished Creatures
  A human (D)
  A phantom (D)
  An endoplasm (D)
  3 rats (D)
6 creatures vanquished.

Notes
Turn   | Place    | Note
-------+----------+-------------------------------------------
     0 | D        | Pilot the Troll Fighter began the quest for the Orb.
     0 | D        | Reached XP level 1. HP: 22/22 MP: 0/0
    69 | D        | Reached XP level 2. HP: 15/31 MP: 1/1
   172 | D        | Noticed a water elemental
   180 | D        | Mangled by a water elemental

Illustrated notes

Levels and vault maps discovered:
D:        dungeon_sprint_mu [sprint_mu_entry_cave, sprint_mu_temple_rooms,
          sprint_mu_d1_horrors, sprint_mu_d2_genie, sprint_mu_d3_branching,
          sprint_mu_orc_legion, sprint_mu_elf_gauntlet, sprint_mu_hive_nellie,
          sprint_mu_lair_fedhas, sprint_mu_vaults_butterflies,
          sprint_mu_slime_circle, sprint_mu_shoals_kraken,
          sprint_mu_snake_twists, sprint_mu_blade_basic, sprint_mu_crypt_lich,
          sprint_mu_tomb_spiral, sprint_mu_vestibule_basic,
          sprint_mu_gehenna_hellfire, sprint_mu_dis_giant,
          sprint_mu_tartarus_statrot, sprint_mu_cocytus_islands, sprint_mu_zot1]

Skill      XL: |  1 |
---------------+----+-----
Shields        | 3 |  3.9
Fighting       | 3 |  3.4
Dodging        | 3 |  3.5
Unarmed Combat | |  2.9

Action                   || total
-------------------------++-------
Melee: Unarmed           ||    28
Throw: Stone             ||     2
Armor: Robe              ||     3
Dodge: Dodged            ||     8
Block: Kite shield       ||     8

Table legend: (Time is in decaauts)
 A = Elapsed time spent in this place.
 B = Non-inter-level travel time spent in this place.
 C = Inter-level travel time spent in this place.
 D = Time resting spent in this place.
 E = Time spent auto-exploring this place.
 F = Levels seen in this place.
 G = Mean time per level.
                   A        B        C        D        E       F      G
               +--------+--------+--------+--------+--------+-----+--------+
         Total |    183 |     97 |     86 |      0 |      0 |   1 |  183.0 |
       Dungeon |    183 |     97 |     86 |      0 |      0 |   1 |  183.0 |
               +--------+--------+--------+--------+--------+-----+--------+

Top non-repeatable levels by time:
       D: 183 daAuts
